 Dungeon Crawl Stone Soup version 0.23-a0-274-g7750573 (webtiles) character file.

5028 Illumine the Cleaver (level 10, -7/83 HPs)
             Began as a Minotaur Fighter on Oct 1, 2018.
             Was a Priest of Makhleb.
             Mangled by a hornet (10 damage)
             ... while paralysed by a hornet
             ... on level 9 of the Dungeon.
             The game lasted 00:15:02 (7558 turns).

Illumine the Cleaver (Minotaur Fighter)             Turns: 7558, Time: 00:15:03

Health: -7/83      AC: 19    Str: 21 (24) XL:     10   Next: 30%
Magic:  13/13      EV:  2    Int:  2 (5)  God:    Makhleb [***...]
Gold:   317        SH:  0    Dex:  8 (10) Spells: 9/9 levels left

rFire    . . .     SeeInvis .   C - +2 battleaxe (elec)
rCold    + . .     Gourm    .   (shield currently unavailable)
rNeg     . . .     Faith    .   u - +0 plate armour
rPois    .         Spirit   .   I - +1 hat
rElec    .         Reflect  .   x - +1 cloak
rCorr    .         Harm     .   j - +0 pair of gloves
MR       .....                  (no boots)
Stlth    ..........             (no amulet)
HPRegen  0.23/turn              m - ring of protection from cold
MPRegen  0.13/turn              (no ring)

@: paralysed, lethally poisoned (-7 -> -18), slowed
A: retaliatory headbutt, horns 2
a: Minor Destruction, Lesser Servant of Makhleb, Renounce Religion


You were on level 9 of the Dungeon.
You worshipped Makhleb.
Makhleb was most pleased with you.
You were not hungry.

You visited 2 branches of the dungeon, and saw 10 of its levels.

You collected 317 gold pieces.

Inventory:

Hand Weapons
 a - a +1 war axe
 y - a +3 hand axe of flaming
 B - a +0 war axe
 C - a +2 battleaxe of electrocution (weapon)
 G - a +0 battleaxe
Missiles
 A - 4 throwing nets (quivered)
Armour
 c - a +0 shield
 j - a +0 pair of gloves (worn)
 u - a +0 plate armour (worn)
 x - a +1 cloak (worn)
 I - a +1 hat (worn)
Jewellery
 d - an uncursed amulet of rage
 h - an uncursed ring of teleportation
 m - a ring of protection from cold (left hand)
 q - an uncursed ring of fire
Wands
 n - a wand of digging (13)
 r - a wand of acid (1)
 J - a wand of clouds (11)
Scrolls
 e - 4 scrolls of teleportation
 i - 3 scrolls of amnesia
 k - a scroll of random uselessness {unknown}
 l - 4 scrolls of remove curse
 p - 3 scrolls of immolation
 t - a scroll of magic mapping
 v - 4 scrolls of blinking
 E - a scroll of fog {unknown}
 F - a scroll of enchant armour {unknown}
 K - a scroll of acquirement {unknown}
Potions
 b - a potion of resistance
 g - a potion of curing
 o - 3 potions of mutation {unknown}
 s - 4 potions of heal wounds
 w - 2 potions of degeneration
 z - 2 potions of cancellation {unknown}
 D - a potion of might
 H - a potion of flight {unknown}
Comestibles
 f - 11 rations
 L - 2 chunks of flesh


   Skills:
 + Level 5.9 Fighting
 + Level 11.9 Axes
 + Level 9.8 Armour
 + Level 4.0 Dodging
 + Level 5.9 Shields
 * Level 5.4 Invocations


You had 9 spell levels left.
You didn't know any spells.
Your spell library was empty.

Dungeon Overview and Level Annotations

Branches:
Dungeon (9/15)             Temple (1/1) D:5
   Lair: D:8-11         Orc: D:9-12

Altars:
Ashenzari
Cheibriados
Dithmenos
Elyvilon
Fedhas
Gozag
Hepliaklqana
Kikubaaqudgha
Makhleb
Nemelex Xobeh
Okawaru
Qazlal
Ru
Trog
Uskayaw
Vehumet
Wu Jian
Xom
Yredelemnul
Zin
The Shining One

Shops:
D:4 :   D:9 [

Annotations:
D:4 Sigmund
D:9 3 runed doors, zyena's ghost, novice DsFi


Innate Abilities, Weirdness & Mutations

You reflexively headbutt those who attack you in melee.
You have a pair of horns on your head.


Message History

The hornet barely misses you.
The hornet stings you but does no damage.
Your plate armour prevents you from hitting the hornet.
You headbutt the hornet!
The hornet is almost dead.
You feel sick.
The hornet stings you but does no damage. x2
Your plate armour prevents you from hitting the hornet.
The hornet is almost dead.
You feel sick. The hornet stings you.
* * * LOW HITPOINT WARNING * * *
You suddenly lose the ability to move!
The hornet stings you but does no damage.
The hornet stings you!
* * * LOW HITPOINT WARNING * * *
You are more poisoned.
You shrug off the repeated paralysis!
* * * LOW HITPOINT WARNING * * *
You feel sick. The hornet stings you!
You die...

###...........................(..
....#.##########.#####.##########
#####.# #.# #.#
#####.##########[# #.#
.<...............# #.#
.##.##.########### ##### .##.##)#
#.#.#.# .##.##)# ##.##.# .##.##<#
#..@y#.# .##.##.# #..##.#y#
.......### ##..# ##### .##......#
#..## #.#.########### .##.####.#
##.## #.#..)..))..... .##.#
#.###.)#####.#.########### .##.#
#...............## # .##.#
#####.######.###.## # .##.# #.#
#.## ##.# #


You could see a hornet.

Vanquished Creatures
  Harold (D:8)
  Pikel (D:5)
  Maurice (D:9)
  2 hornets (D:9)
  A hungry ghost (D:8)
  2 orc warriors (D:8)
  A slave (D:5)
  2 sky beasts (D:7)
  2 ice beasts
  A phantom (D:9)
  2 ogres (D:4)
  A centaur (D:7)
  2 big kobolds
  5 bullfrogs
  2 scorpions
  A killer bee (D:9)
  3 wights (D:7)
  2 bullfrog zombies
  A quasit (D:8)
  A bullfrog skeleton (D:4)
  3 hounds
  2 centaur skeletons
  7 orc priests
  A jelly (D:5)
  11 orc wizards
  An iguana (D:9)
  6 worker ants
  A hound zombie (D:5)
  2 hound skeletons
  8 adders
  2 oozes
  An adder zombie (D:5)
  A worm (D:2)
  2 dart slugs (D:1)
  7 leopard geckos
  47 orcs
  7 bats
  4 giant cockroaches
  10 goblins
  5 hobgoblins
  9 jackals
  6 quokkas
  A ball python (D:5)
  2 frilled lizards
  A jackal skeleton (D:5)
  24 kobolds
  3 leopard gecko skeletons
  9 rats
217 creatures vanquished.

Notes
Turn   | Place    | Note
-------+----------+-------------------------------------------
     0 | D:1      | Illumine the Minotaur Fighter began the quest for the Orb.
     0 | D:1      | Reached XP level 1. HP: 19/19 MP: 0/0
    33 | D:1      | Reached skill level 3 in Axes
    63 | D:1      | Reached XP level 2. HP: 23/26 MP: 1/1
   237 | D:1      | Found a sparkling altar of Nemelex Xobeh.
   474 | D:1      | Reached XP level 3. HP: 31/31 MP: 2/2
   758 | D:2      | Reached skill level 4 in Axes
  1470 | D:2      | Found a hazy altar of Hepliaklqana.
  1503 | D:3      | Reached XP level 4. HP: 35/39 MP: 3/3
  1838 | D:3      | Reached skill level 5 in Axes
  2039 | D:3      | Reached XP level 5. HP: 44/45 MP: 4/4
  2041 | D:3      | Reached skill level 5 in Armour
  2096 | D:3      | Found a stormy altar of Qazlal.
  2232 | D:4      | Reached skill level 6 in Axes
  2265 | D:4      | Found a blossoming altar of Fedhas.
  2386 | D:4      | Noticed an ogre
  2392 | D:4      | Killed an ogre
  2392 | D:4      | Reached XP level 6. HP: 42/51 MP: 5/5
  2505 | D:4      | Reached skill level 7 in Axes
  2863 | D:4      | Found a snail-covered altar of Cheibriados.
  3061 | D:4      | Reached XP level 7. HP: 52/57 MP: 6/6
  3067 | D:4      | Found Uskiquol's Book Emporium.
  3294 | D:4      | Noticed Sigmund
  3312 | D:5      | Entered Level 5 of the Dungeon
  3318 | D:5      | Found a staircase to the Ecumenical Temple.
  3327 | Temple   | Entered the Ecumenical Temple
  3365 | Temple   | Became a worshipper of Makhleb the Destroyer
  3447 | D:5      | Reached skill level 8 in Axes
  3777 | D:5      | Noticed Pikel
  3815 | D:5      | Killed Pikel
  3815 | D:5      | Reached skill level 9 in Axes
  3815 | D:5      | Reached XP level 8. HP: 43/64 MP: 7/7
  4044 | D:5      | Found a hide-covered altar of Uskayaw.
  4060 | D:5      | Reached skill level 10 in Axes
  4139 | D:5      | Found an ornate altar of the Wu Jian Council.
  4250 | D:6      | Reached * piety under Makhleb
  4525 | D:6      | Reached skill level 11 in Axes
  5099 | D:7      | Reached skill level 1 in Invocations
  5101 | D:7      | Reached skill level 1 in Dodging
  5166 | D:7      | Reached XP level 9. HP: 71/71 MP: 7/9
  5326 | D:7      | Reached ** piety under Makhleb
  5840 | D:8      | Found a bloodstained altar of Trog.
  6300 | D:8      | Reached skill level 5 in Shields
  6515 | D:8      | Noticed Harold
  6523 | D:8      | Killed Harold
  6523 | D:8      | Reached skill level 5 in Fighting
  6563 | D:8      | Reached XP level 10. HP: 81/81 MP: 12/12
  6810 | D:8      | Found a sacrificial altar of Ru.
  6812 | D:8      | Found a shimmering altar of Xom.
  6812 | D:8      | Found an ancient bone altar of Kikubaaqudgha.
  6814 | D:8      | Found a glowing silver altar of Zin.
  6917 | D:9      | Found a runed gate.
  6917 | D:9      | Found a runed gate.
  6918 | D:9      | Found a runed gate.
  6934 | D:9      | Found a white marble altar of Elyvilon.
  7083 | D:9      | Noticed a centaur warrior
  7085 | D:9      | Noticed zyena's ghost (novice DsFi)
  7086 | D:9      | Noticed a two-headed ogre
  7116 | D:9      | Reached *** piety under Makhleb
  7422 | D:9      | Found Bonaun's Armour Shoppe.
  7445 | D:9      | Noticed Maurice
  7468 | D:9      | Killed Maurice
  7468 | D:9      | Reached skill level 5 in Invocations
  7557 | D:9      | Paralysed by a hornet for 3 turns
  7557 | D:9      | HP: 4/83 [hornet (9)]
  7558 | D:9      | Mangled by a hornet

Vault maps used:
D:1:      kennysheep_arrival_forest, nemelex_xobeh_ov_fountains_minmay
D:2:      nicolae_overflow_hidden_temple
D:3:      grunt_qazlal_sundering, tgw_sif, minmay_splitting_lines,
          uniq_crazy_yiuf_cottage
D:4:      black_bear_nest_2, kennysheep_little_box, old_standard_altar,
          serial_shops, shop, uniq_sigmund
D:5:      lemuel_doored_altar, marbit_many_paths,
          minmay_temple_entry_statues_fountains, first_ration, uniq_pikel
D:6:      minmay_misc_feat_plants
D:7:      nicolae_whirlpool
D:8:      minitemple, overflow_temple_1_default, uniq_harold
D:9:      minmay_bloctagon_deflated, kennysheep_mini_moat,
          gammafunk_ghost_split, serial_shops,
          nicolae_shop_temple_entry_statues_fountains,
          hangedman_pestilent_swarm, kennysheep_generic_room_9,
          uniq_prince_ribbit1, uniq_maurice
Temple:   jpeg_temple_island

Skill      XL: |  1  2  3  4  5  6  7  8  9 10 |
---------------+-------------------------------+-----
Axes           | 3 4 5 6 7 9 11 | 11.9
Armour         | 4 5 6 7 8 9 |  9.8
Invocations    | 1 4 5 |  5.4
Dodging        | 1 3 4 |  4.0
Shields        | 4 5 |  5.9
Fighting       | 5 |  5.9

Action                   |  1- 3 |  4- 6 |  7- 9 | 10-12 || total
-------------------------+-------+-------+-------+-------++-------
Melee: War axe           |    74 |   125 |   175 |       ||   374
       Headbutt          |     9 |    19 |    45 |    10 ||    83
       Battleaxe         |       |       |   128 |    67 ||   195
Evoke: Wand              |       |       |     6 |     3 ||     9
  Use: Potion            |       |     2 |     1 |     2 ||     5
       Scroll            |       |     4 |     9 |       ||    13
  Eat: Chunk             |     2 |     5 |     7 |     2 ||    16
       Ration            |       |       |     2 |     1 ||     3
Armor: Scale mail        |    24 |       |       |       ||    24
       Chain mail        |    15 |       |       |       ||    15
       Plate armour      |     7 |    87 |   209 |    47 ||   350
Dodge: Dodged            |    15 |    20 |    82 |    25 ||   142
Block: Shield            |    39 |    69 |    71 |       ||   179

Table legend:
 A = Non-vault XP
 B = Vault XP
 C = Vault XP percentage of total XP
 D = Non-vault monster count
 E = Vault monster count
 F = Vault count percentage of total count
                 A         B        C        D         E       F
            +---------+---------+-------+---------+---------+-------
      Total |    4269 |    2914 |  40.6 |     209 |       7 |   3.2
            +---------+---------+-------+---------+---------+-------
        D:1 |      51 |       0 |   0.0 |      24 |       0 |   0.0
        D:2 |      37 |       0 |   0.0 |      16 |       0 |   0.0
        D:3 |     200 |       0 |   0.0 |      32 |       0 |   0.0
        D:4 |     466 |       0 |   0.0 |      17 |       0 |   0.0
        D:5 |     385 |     685 |  64.0 |      20 |       1 |   4.8
        D:6 |     678 |       0 |   0.0 |      31 |       0 |   0.0
        D:7 |    1217 |       0 |   0.0 |      26 |       0 |   0.0
        D:8 |     927 |    1070 |  53.6 |      25 |       1 |   3.8
        D:9 |     308 |    1159 |  79.0 |      18 |       5 |  21.7
            +---------+---------+-------+---------+---------+-------
